 Dungeon Crawl Stone Soup version 0.20.1-1-g8b1a95d (webtiles) character file.

48 letownia2 the Grave Robber (level 3, -3/28 HPs)
             Began as a Deep Dwarf Necromancer on Nov 20, 2017.
             Killed by divine providence
             ... invoked by an orc priest
              (15 damage)
             ... on level 4 of the Dungeon.
             The game lasted 00:02:05 (885 turns).

letownia2 the Grave Robber (Deep Dwarf Necromancer)  Turns: 885, Time: 00:02:06

Health: -3/28      AC:  5    Str: 11    XL:     3   Next: 50%
Magic:  6/6        EV: 11    Int: 16    God:
Gold:   69         SH:  0    Dex: 13    Spells: 2/6 levels left

rFire    . . .     SeeInvis .   a - +4 dagger
rCold    . . .     Gourm    .   (no shield)
rNeg     . . .     Faith    .   r - +0 ring mail
rPois    .         Spirit   .   (no helmet)
rElec    .         Reflect  .   (no cloak)
rCorr    .         Harm     .   (no gloves)
MR       .....                  (no boots)
Stlth    +.........             (no amulet)
Regen    0.0/turn               (no ring)
MPRegen  0.1/turn               (no ring)

@: non-regenerating
A: damage resistance, heal wounds, sense surroundings 1, no regeneration
a: Heal Wounds


You were on level 4 of the Dungeon.
You were not hungry.

You visited 1 branch of the dungeon, and saw 4 of its levels.

You collected 69 gold pieces.

Inventory:

Hand Weapons
 a - a +4 dagger (weapon)
 j - a +3 vampiric dagger
 l - a +2 spear of flaming
Missiles
 s - a tomahawk of returning (quivered)
Armour
 f - a +0 robe
 r - a +0 ring mail (worn)
Jewellery
 p - a +3 amulet of reflection {unknown}
Scrolls
 e - a scroll of identify {unknown}
 h - 2 scrolls of teleportation {unknown}
 q - a scroll of remove curse {unknown}
Potions
 d - 2 potions of lignification {unknown}
 k - a potion of heal wounds {unknown}
 m - a potion of flight {unknown}
 n - a potion of haste {unknown}
 o - a potion of curing {unknown}
Books
 b - a book of Necromancy

   Spells                             Type                      Level
   a - Pain                           Necromancy                   1
   b - Animate Skeleton               Necromancy                   1
   c - Vampiric Draining              Necromancy                   3
   d - Regeneration                   Charms/Necromancy            3
   e - Animate Dead                   Necromancy                   4
   f - Control Undead                 Necromancy                   4
Comestibles
 c - 2 bread rations
 g - a fruit
 i - a chunk of flesh


   Skills:
 - Level 2.1 Dodging
 - Level 2.4 Stealth
 - Level 2.0 Spellcasting
 + Level 5.6 Necromancy


You had 2 spell levels left.
You knew the following spells:

 Your Spells              Type           Power        Failure   Level  Hunger
a - Pain                  Necr           ###.         4%          1    #......
v - Vampiric Draining     Necr           ###.......   14%         3    ###....


Dungeon Overview and Level Annotations

Branches:
Dungeon (4/15)
 Temple: D:4-7

Altars:

Annotations:
D:3 letownia2's ghost, amateur DDNe


Innate Abilities, Weirdness & Mutations

You are resistant to damage.
You can heal yourself by infusing magical energy.
You passively map a small area around you.
You do not regenerate.


Message History

a club; a tomahawk of returning; an orc skeleton
There is a stone staircase leading down here.
You start resting.
Some of the chunks of flesh in your inventory have rotted away.
Magic restored.
Unknown command.
Things that are here:
a club; a tomahawk of returning; an orc skeleton
s - a tomahawk of returning
There is a stone staircase leading down here.
You start waiting.
Eating one of 2 chunks of flesh.
You eat one of the 2 chunks of flesh.
This raw flesh tastes terrible.
Letownia2's ghost (amateur Deep Dwarf Necromancer) comes into view.
It is wielding a weapon of venom.
Unknown command.
You climb downwards.
The orc priest mumbles some strange prayers to Beogh against you.
Beogh smites you!
Ouch! That really hurt!
You die...

* *#.. , * * *
+.. , , , , *
,#..., * * #...
* , , * #.... ,
*
#.?..######.h.
#.............,
, #......##* *
*#......@# , ,
* .......)## *
#######o# , #.#
, #.# , , , * *
#o# *,,, , * *
#.# , #. ,, * *


You could see an orc priest and an orc.

Vanquished Creatures
  Natasha (D:3)
  2 oozes
  2 orcs
  A kobold (D:1)
  3 bats
  4 goblins
  2 rats
15 creatures vanquished.

Notes
Turn   | Place    | Note
-------+----------+-------------------------------------------
     0 | D:1      | letownia2 the Deep Dwarf Necromancer began the quest for the Orb.
     0 | D:1      | Reached XP level 1. HP: 15/15 MP: 3/3
   195 | D:1      | Reached XP level 2. HP: 16/22 MP: 0/5
   573 | D:2      | Reached skill level 5 in Necromancy
   725 | D:3      | Noticed Natasha
   736 | D:3      | Killed Natasha
   736 | D:3      | Reached XP level 3. HP: 6/28 MP: 0/6
   758 | D:3      | Learned a level 3 spell: Vampiric Draining
   884 | D:3      | Noticed letownia2's ghost (amateur DDNe)
   885 | D:4      | Killed from afar by an orc priest

Skill      XL: |  1  2 |
---------------+-------+-----
Spellcasting   | 2 |  2.0
Necromancy     | 5 |  5.6
Dodging        | |  2.1
Stealth        | |  2.4

Action                   || total
-------------------------++-------
Melee: Dagger            ||     7
 Cast: Pain              ||    23
       Vampiric Draining ||     2
  Eat: Chunk             ||     1
Armor: Ring mail         ||     1
Dodge: Dodged            ||     5
